AoeStats
← 給你舒服

Arena

509890227Analyzed
4v4 RM · 2d ago on Sep 28, 2026· 51m 10s· 8 players
Game mode
Random Map
Map size
Large (8 player)
Population
200
Speed
Normal
Resources
Standard
Victory
Conquest
Starting age
Dark Age
Ending age
Imperial Age
RankedLock teamsTeams togetherTeam positionsShared explorationLock speedFull tech treeHidden civsTurbo modeCheats
Victory
Defeat
🇨🇳 Khmer · China
1023
+14
🇹🇼 Burgundians · Taiwan
1015
+14
🇨🇳 Franks · China
996
+15
🇹🇼 Huns · Taiwan
990
+15
🇨🇳 Mongols · China
1058
-18
🇨🇳 Turks · China
979
-15
🇨🇳 Britons · China
972
-14
🇨🇳 Bohemians · China
884
-11
北賢龍
10:32 Feudal Age
10:25 Loom
11:59 Horse Collar
12:05 Double-Bit Axe
18:24 Castle Age
19:33 Bow Saw
20:23 Wheelbarrow
20:10 Gold Mining
20:38 Heavy Plow
22:27 Stone Mining
24:01 Hand Cart
26:15 Fletching
30:38 Bodkin Arrow
33:43 Imperial Age
32:24 Padded Archer Armor
32:53 Elite Skirmisher
33:56 Bloodlines
34:23 Husbandry
35:19 Leather Archer Armor
36:21 Conscription
36:11 Bracer
36:20 Thumb Ring
35:39 Elite Skirmisher
36:41 Squires
36:59 Scale Barding Armor
37:27 Forging
43:18 Chain Barding Armor
43:27 Parthian Tactics
46:54 Plate Barding Armor
47:15 Heavy Cavalry Archer
49:42 Iron Casting
49:53 Cavalier
52:12 Blast Furnace
小鱼儿
0:33 Loom
11:10 Feudal Age
16:08 Castle Age
14:20 Double-Bit Axe
27:20 Gold Mining
27:45 Bow Saw
33:03 Imperial Age
31:01 Ballistics
30:52 Murder Holes
31:21 Forging
33:32 Wheelbarrow
32:42 Town Watch
33:04 Scale Barding Armor
33:35 Iron Casting
33:50 Iron Casting
34:19 Gold Shaft Mining
34:06 Chain Barding Armor
33:08 Cavalier
33:49 Husbandry
35:26 Chemistry
35:00 Paladin
38:41 Plate Barding Armor
39:07 Blast Furnace
給你舒服
6:42 Double-Bit Axe
11:19 Feudal Age
10:44 Loom
12:10 Bow Saw
12:58 Horse Collar
18:13 Castle Age
16:29 Gold Mining
18:23 Gold Shaft Mining
18:47 Cavalier
19:55 Husbandry
20:08 Scale Barding Armor
20:36 Forging
29:55 Chain Barding Armor
31:17 Fortified Wall
32:37 Burgundian Vineyards
35:09 Imperial Age
33:16 Wheelbarrow
33:02 Padded Archer Armor
33:48 Stone Mining
34:20 Leather Archer Armor
34:37 Ballistics
34:41 Heavy Plow
36:24 Iron Casting
36:57 Chemistry
36:55 Plate Barding Armor
39:12 Fletching
40:35 Blast Furnace
39:31 Elite Skirmisher
45:06 Elite Coustillier
47:18 Hand Cart
lingluo
0:27 Loom
11:30 Feudal Age
14:19 Castle Age
12:10 Double-Bit Axe
12:56 Horse Collar
15:44 Bow Saw
18:37 Heavy Plow
20:34 Gold Mining
23:16 Gold Shaft Mining
23:19 Stone Mining
25:40 Stone Shaft Mining
26:25 Wheelbarrow
25:37 Town Watch
29:19 Imperial Age
28:36 Hand Cart
28:54 Scale Barding Armor
29:40 Bloodlines
29:31 Husbandry
29:55 Chain Barding Armor
29:57 Ballistics
30:38 Town Patrol
30:01 Light Cavalry
30:54 Forging
31:42 Plate Barding Armor
32:09 Chemistry
32:26 Conscription
32:07 Double Crossbow
32:15 Elite Ballista Elephant
35:27 Caravan
36:01 Hussar
37:52 Iron Casting
44:07 Blast Furnace
43:16 Siege Engineers
45:14 Hoardings
44:46 Murder Holes
44:53 Scale Mail Armor
白鳳仙子
2:25 Loom
10:48 Feudal Age
12:07 Wheelbarrow
15:57 Castle Age
14:17 Stone Mining
14:19 Horse Collar
15:22 Gold Mining
25:45 Double-Bit Axe
26:35 Town Watch
30:27 Imperial Age
28:35 Padded Archer Armor
28:29 Fletching
28:45 Heavy Plow
29:14 Bow Saw
29:22 Squires
29:18 Pikeman
30:19 Scale Mail Armor
30:19 Gambesons
30:47 Forging
30:30 Town Watch
32:47 Conscription
33:53 Ballistics
34:15 Hand Cart
34:10 Bodkin Arrow
35:37 Chain Mail Armor
36:55 Chemistry
36:36 Yeomen
37:50 Two-Man Saw
37:03 Fortified Wall
37:14 Leather Archer Armor
37:10 Halberdier
40:11 Town Patrol
40:49 Iron Casting
43:29 Elite Longbowman
@156W21758K
8:03 Loom
10:56 Feudal Age
12:42 Double-Bit Axe
16:48 Castle Age
15:29 Horse Collar
22:42 Fervor
31:38 Imperial Age
33:10 Wheelbarrow
33:21 Ballistics
35:22 Chemistry
34:15 Pikeman
35:40 Squires
36:05 Conscription
37:45 Wagenburg Tactics
40:06 Halberdier
43:22 Fletching
43:43 Forging
43:34 Scale Mail Armor
43:35 Padded Archer Armor
46:08 Siege Engineers
49:09 Houfnice
50:44 Hand Cart
Mika_168
10:09 Feudal Age
15:23 Castle Age
13:26 Double-Bit Axe
17:30 Horse Collar
21:02 Fletching
22:55 Bodkin Arrow
24:02 Padded Archer Armor
26:08 Leather Archer Armor
27:30 Ballistics
31:08 Imperial Age
29:10 Gold Mining
29:13 Stone Mining
31:28 Bloodlines
31:19 Husbandry
31:26 Thumb Ring
32:35 Conscription
32:58 Gold Shaft Mining
33:59 Chemistry
34:15 Bow Saw
34:03 Onager
35:44 Drill
40:02 Siege Onager
君士坦丁十一世
10:50 Feudal Age
14:51 Castle Age
13:19 Double-Bit Axe
16:06 Bow Saw
22:22 Wheelbarrow
22:50 Horse Collar
24:31 Heavy Plow
26:55 Gold Mining
30:12 Imperial Age
29:01 Gold Shaft Mining
30:34 Scale Barding Armor
30:40 Forging
30:23 Heavy Camel Rider
31:28 Bloodlines
31:19 Husbandry
31:44 Chain Barding Armor
31:48 Hand Cart
32:27 Stone Mining
33:16 Iron Casting
34:07 Plate Barding Armor
43:05 Blast Furnace
Connection lost

Rejoining the realm…

Still unreachable

The connection could not be restored.

Session expired

The server has moved on; the page needs a fresh start.